 Dungeon Crawl Stone Soup version 0.23.0-2-g0fe3ce5 (webtiles) character file.

Game seed: 2875637812598360093

7518 wrhowe the Severer (level 10, -4/89 HPs)
             Began as a Minotaur Fighter on Feb 19, 2019.
             Was an Elder of Trog.
             Slain by Snorg (5 damage)
             ... on level 11 of the Dungeon.
             The game lasted 01:13:23 (7514 turns).

wrhowe the Severer (Minotaur Fighter)               Turns: 7514, Time: 01:13:24

Health: -4/89      AC: 13    Str: 28    XL:     10   Next: 95%
Magic:  9/9        EV:  6    Int:  5    God:    Trog [****..]
Gold:   571        SH: 11    Dex:  9    Spells: 9/9 levels left

rFire    x . .     SeeInvis .   a - +1 war axe
rCold    + . .     Gourm    .   c - +0 shield
rNeg     . . .     Faith    .   p - +0 plate armour
rPois    .         Spirit   .   (helmet restricted)
rElec    .         Reflect  .   (no cloak)
rCorr    .         Harm     .   (no gloves)
MR       .....                  (no boots)
Stlth    ..........             B - amulet of regeneration
HPRegen  0.64/turn              o - ring of ice
MPRegen  0.11/turn              k - +3 ring of strength

@: no status effects
A: retaliatory headbutt, horns 2
a: Berserk, Trog's Hand, Brothers in Arms, Renounce Religion


You were on level 11 of the Dungeon.
You worshipped Trog.
Trog was greatly pleased with you.
You were not hungry.

You visited 2 branches of the dungeon, and saw 12 of its levels.

You collected 736 gold pieces.
You spent 165 gold pieces at shops.

Inventory:

Hand Weapons
 a - a +1 war axe (weapon)
 z - a +0 shortbow
 F - a +0 whip of flaming
 H - a +0 whip of venom
Missiles
 j - 164 arrows
 q - 14 tomahawks (quivered)
Armour
 c - a +0 shield (worn)
 p - a +0 plate armour (worn)
 s - a +1 chain mail
Jewellery
 g - an uncursed ring of flight
 k - a +3 ring of strength (right hand)
 o - a ring of ice (left hand)
 x - an uncursed amulet of harm
 B - an amulet of regeneration (around neck)
 C - an uncursed ring of stealth {unknown}
 J - an uncursed ring of see invisible {unknown}
Wands
 i - a wand of polymorph (10)
 y - a wand of acid (9)
 A - a wand of flame (14)
 E - a wand of random effects (20)
 I - a wand of digging (3)
 L - a wand of iceblast (7)
Scrolls
 h - 7 scrolls of remove curse
 n - 5 scrolls of identify
 v - 2 scrolls of fog
 G - a scroll of immolation {unknown}
 K - a scroll of noise {unknown}
 M - a scroll of fear {unknown}
Potions
 b - 4 potions of heal wounds {unknown}
 d - a potion of might
 e - 5 potions of curing {unknown}
 l - 4 potions of brilliance {unknown}
 m - 2 potions of invisibility {unknown}
 r - 3 potions of lignification {unknown}
 t - 2 potions of cancellation {unknown}
 u - a potion of resistance {unknown}
 w - 2 potions of degeneration {unknown}
 D - a potion of agility {unknown}
Comestibles
 f - 9 rations
 N - 6 chunks of flesh


   Skills:
 + Level 8.3 Fighting
 * Level 15.3 Axes
 + Level 7.1 Armour
 + Level 1.4 Dodging
 + Level 0.1 Stealth
 + Level 8.1 Shields


You had 9 spell levels left.
You didn't know any spells.
Your spell library was empty.

Dungeon Overview and Level Annotations

Branches:
Dungeon (11/15)            Temple (1/1) D:4
   Lair: D:8-11         Orc: D:9-12

Altars:
Ashenzari
Cheibriados
Dithmenos
Elyvilon
Fedhas
Gozag
Hepliaklqana
Kikubaaqudgha
Makhleb
Nemelex Xobeh
Okawaru
Qazlal
Ru
Sif Muna
Trog
Uskayaw
Vehumet
Wu Jian
Xom
Yredelemnul
Zin
The Shining One

Shops:
D:6 (   D:8 %

Annotations:
D:4 1 runed translucent door
D:11 Snorg


Innate Abilities, Weirdness & Mutations

You reflexively headbutt those who attack you in melee.
You have a pair of horns on your head.


Message History

Snorg bites you but does no damage. You block Snorg's attack. Snorg claws you!
You closely miss Snorg. Your headbutt misses Snorg.
Snorg is lightly wounded.
Snorg bites you. You block Snorg's attack. Snorg claws you but does no damage.
You block Snorg's attack. Snorg claws you. Snorg claws you!
You slash Snorg! You headbutt Snorg!
Snorg is moderately wounded.
Snorg bites you. Snorg claws you!
* * * LOW HITPOINT WARNING * * *
You block Snorg's attack. Snorg barely misses you. You furiously retaliate!
You headbutt Snorg! You block Snorg's attack.
Snorg claws you but does no damage. You block Snorg's attack. Snorg claws you!
* * * LOW HITPOINT WARNING * * *
Snorg claws you!
* * * LOW HITPOINT WARNING * * *
You block Snorg's attack. x2; Snorg claws you.
* * * LOW HITPOINT WARNING * * *
You fail to use your ability.
You block Snorg's attack. x2; Snorg claws you.
You die...

#### .# ..... .#
#... ###.#.#...
#.... #......._.
##....##.#.#.#...
.........#.#
##....#..#.#
.<... #.T#.#
.###.##.@#..
........#####
###.###.....##
#..)...<.....#
....#........#
.............#
.##.####(....#
............#
..#.####.....#


You could see Snorg (berserk).

Vanquished Creatures
  A two-headed ogre (D:10)
  Nergalle (D:10)
  Pikel (D:7)
  A cyclops (D:11)
  A troll (D:10)
  A hippogriff (D:9)
  3 yaks (D:10)
  A wraith (D:10)
  A hungry ghost (D:8)
  A human (D:10)
  Menkaure (D:6)
  Duvessa (D:7)
  4 orc warriors
  4 ice beasts
  2 ogres
  A slave (D:7)
  3 centaurs
  4 phantoms
  A big kobold (D:8)
  5 bullfrogs
  A scorpion (D:5)
  Dowan (D:7)
  12 killer bees
  9 wights
  4 crimson imps
  A centaur zombie (D:10)
  5 jellies
  2 hounds
  5 orc priests
  8 orc wizards
  A bullfrog skeleton (D:4)
  3 worker ants
  A worker ant zombie (D:7)
  Robin (D:2)
  15 adders
  A shadow imp (D:6)
  An adder skeleton (D:4)
  5 dart slugs
  5 leopard geckos
  39 orcs
  7 giant cockroaches
  6 hobgoblins
  18 jackals
  6 quokkas
  3 bats
  4 frilled lizards
  18 goblins
  11 kobolds
  A leopard gecko zombie (D:7)
  8 rats
240 creatures vanquished.

Vanquished Creatures (others)
  A bullfrog skeleton (D:7)
  4 toadstools (D:1)
5 creatures vanquished.

Grand Total: 245 creatures vanquished

Notes
Turn   | Place    | Note
-------+----------+-------------------------------------------
     0 | D:1      | wrhowe the Minotaur Fighter began the quest for the Orb.
     0 | D:1      | Reached XP level 1. HP: 19/19 MP: 0/0
    55 | D:1      | Reached XP level 2. HP: 19/27 MP: 1/1
   322 | D:1      | Reached skill level 3 in Axes
   467 | D:1      | Reached XP level 3. HP: 33/33 MP: 2/2
   669 | D:2      | Found a stormy altar of Qazlal.
   702 | D:2      | Noticed a +0 dagger
   702 | D:2      | Noticed a +0 dagger
   704 | D:2      | Found a hide-covered altar of Uskayaw.
   795 | D:2      | Noticed Robin
   805 | D:2      | Killed Robin
   805 | D:2      | Reached skill level 4 in Axes
   805 | D:2      | Reached XP level 4. HP: 40/40 MP: 3/3
   940 | D:2      | Found a faded altar of an unknown god.
  1250 | D:3      | Found a snail-covered altar of Cheibriados.
  1591 | D:3      | Reached skill level 5 in Axes
  1638 | D:3      | Reached XP level 5. HP: 46/46 MP: 4/4
  1761 | D:4      | Found a runed translucent door.
  1762 | D:4      | Found a glowing golden altar of the Shining One.
  1762 | D:4      | Noticed an angel
  2061 | D:4      | Reached skill level 6 in Axes
  2181 | D:4      | Found a glowing golden altar of the Shining One.
  2183 | D:4      | Found a sacrificial altar of Ru.
  2190 | D:4      | Found an opulent altar of Gozag.
  2190 | D:4      | Found an ornate altar of the Wu Jian Council.
  2227 | D:4      | Found a staircase to the Ecumenical Temple.
  2233 | Temple   | Entered the Ecumenical Temple
  2297 | Temple   | Became a worshipper of Trog the Wrathful
  2399 | D:5      | Entered Level 5 of the Dungeon
  2410 | D:5      | Reached XP level 6. HP: 43/53 MP: 5/5
  2528 | D:5      | Found a burning altar of Makhleb.
  2533 | D:5      | Found a blossoming altar of Fedhas.
  2559 | D:5      | Noticed an ice beast
  2565 | D:5      | Killed an ice beast
  2565 | D:5      | Reached skill level 7 in Axes
  2784 | D:5      | Noticed an ice beast
  2789 | D:5      | Killed an ice beast
  2793 | D:5      | Reached XP level 7. HP: 60/60 MP: 6/6
  2865 | D:5      | Reached skill level 8 in Axes
  2926 | D:5      | Reached skill level 5 in Shields
  2955 | D:5      | Found a glowing silver altar of Zin.
  2955 | D:5      | Noticed an angel
  3034 | D:5      | Reached skill level 9 in Axes
  3191 | D:6      | Reached * piety under Trog
  3234 | D:6      | Reached skill level 5 in Fighting
  3323 | D:6      | Reached XP level 8. HP: 60/68 MP: 7/7
  3326 | D:6      | Found Vitofilo's Antique Weapon Shop.
  3457 | D:6      | Reached skill level 10 in Axes
  3474 | D:6      | Reached skill level 5 in Armour
  3491 | D:6      | Noticed Menkaure
  3836 | D:6      | Killed Menkaure
  4252 | D:7      | Reached skill level 11 in Axes
  4413 | D:7      | Noticed Duvessa
  4413 | D:7      | Noticed Dowan
  4479 | D:7      | Killed Dowan
  4479 | D:7      | Reached XP level 9. HP: 72/75 MP: 8/8
  4480 | D:7      | Killed Duvessa
  4619 | D:7      | Noticed Pikel
  4646 | D:7      | Killed Pikel
  4646 | D:7      | Reached skill level 12 in Axes
  4833 | D:8      | Reached skill level 1 in Dodging
  4884 | D:8      | Reached ** piety under Trog
  5242 | D:8      | Reached skill level 13 in Axes
  5252 | D:8      | Got a twisted short sword
  5253 | D:8      | Identified the +6 short sword of Base Ino {freeze, *Drain
                  | +Inv rPois MR+} (You found it on level 8 of the Dungeon)
  5401 | D:8      | Found Quinan's Food Shop.
  5414 | D:8      | Bought a ration for 55 gold pieces
  5414 | D:8      | Bought a ration for 55 gold pieces
  5414 | D:8      | Bought a ration for 55 gold pieces
  5510 | D:9      | Reached XP level 10. HP: 59/86 MP: 9/9
  5728 | D:9      | Reached *** piety under Trog
  6194 | D:10     | Entered Level 10 of the Dungeon
  6350 | D:10     | Reached skill level 14 in Axes
  6617 | D:10     | Noticed Nergalle
  6645 | D:10     | Killed Nergalle
  6724 | D:10     | Reached **** piety under Trog
  7021 | D:10     | Noticed a two-headed ogre
  7028 | D:10     | Killed a two-headed ogre
  7028 | D:10     | Reached skill level 15 in Axes
  7486 | D:11     | Noticed a cyclops
  7490 | D:11     | Killed a cyclops
  7503 | D:11     | Found a sacrificial altar of Ru.
  7503 | D:11     | Noticed Snorg
  7513 | D:11     | HP: 1/89 [Snorg (6)]
  7514 | D:11     | Slain by Snorg

Skill      XL: |  1  2  3  4  5  6  7  8  9 10 |
---------------+-------------------------------+-----
Shields        | 4 5 6 7 8 |  8.1
Fighting       | 4 5 6 7 8 |  8.3
Axes           | 3 4 5 6 7 9 11 13 15 | 15.3
Armour         | 4 5 6 7 |  7.1
Dodging        | 1 |  1.4
Stealth        | |  0.1

Action                   |  1- 3 |  4- 6 |  7- 9 | 10-12 || total
-------------------------+-------+-------+-------+-------++-------
Melee: War axe           |    96 |   137 |   317 |   196 ||   746
       Headbutt          |    17 |    17 |    62 |    29 ||   125
  Use: Scroll            |       |     6 |     6 |       ||    12
  Eat: Ration            |       |     2 |     2 |     1 ||     5
       Chunk             |       |       |     3 |     5 ||     8
Armor: Scale mail        |    32 |       |       |       ||    32
       Chain mail        |    26 |    18 |       |       ||    44
       Plate armour      |       |    45 |   140 |    70 ||   255
Dodge: Dodged            |    26 |    24 |    61 |    24 ||   135
Block: Shield            |    46 |    77 |   162 |    78 ||   363
